 Dungeon Crawl Stone Soup version 0.30-a0-29-g142975f185 (webtiles) character file.

Game seed: 9218804127389101092

84779 jur the Eclecticist (level 15, -16/72 HPs)
             Began as a Deep Elf Earth Elementalist on Aug 26, 2022.
             Was a High Priest of Vehumet.
             Demolished by a caustic shrike simulacrum (21 damage)
             ... in an ice cave.
             The game lasted 02:13:17 (42908 turns).

jur the Eclecticist (Deep Elf Earth Elementalist)  Turns: 42908, Time: 02:13:18

Health: -16/72     AC:  6    Str: 11    XL:     15   Next: 36%
Magic:  27/39      EV: 19    Int: 34    God:    Vehumet [*****.]
Gold:   1218       SH:  5    Dex: 15    Spells: 20/51 levels left

rFire   . . .      SeeInvis .    n - +2 sling (vorpal)
rCold   + + .      Faith    .    (no shield)
rNeg    . . .      Spirit   .    A - +2 robe {rC+}
rPois   +          Reflect  +    G - +0 hat {Int+3}
rElec   +          Harm     .    y - scarf {repulsion}
rCorr   .          Rampage  .    p - +0 pair of gloves
Will    +....                    u - +0 pair of boots
Stlth   ++........               a - amulet of reflection
HPRegen 0.22/turn                W - ring of Seshuena {rElec rPois rC+ Str+6 Int-3}
MPRegen 0.26/turn                x - +6 ring of intelligence

@: studying Short Blades, repel missiles
A: no striking features
a: Renounce Religion


You were in an ice cave.
You worshipped Vehumet.
Vehumet was extremely pleased with you.
You visited 3 branches of the dungeon, and saw 21 of its levels.
You also visited: Ice Cave.

You collected 1290 gold pieces.
You spent 72 gold pieces at shops.

Inventory:

Hand Weapons
 n - a +2 vorpal sling (weapon)
 Y - the +9 rapier of Gueghem {pain, Int+3}
   (You found it on level 4 of the Lair of Beasts)

   In the hands of one skilled in necromantic magic, it inflicts extra damage on
   living creatures.
   Int:       It affects your intelligence (+3).
Armour
 p - a +0 pair of gloves (worn)
 u - a +0 pair of boots (worn)
 y - a scarf of repulsion (worn)
 A - a +2 robe of cold resistance (worn)
 G - a +0 hat of intelligence (worn)
 X - the +3 robe of Clouds {*Thunder rCloud rElec}
   (You found it on level 4 of the Lair of Beasts)

   It occasionally creates storm clouds above nearby enemies.
   It grants its wearer immunity to clouds.
   rElec:     It insulates you from electricity.
Jewellery
 a - an amulet of reflection (around neck)
 d - a ring of protection from cold
 x - a +6 ring of intelligence (right hand)
 K - a ring of willpower
 W - the ring of Seshuena (left hand) {rElec rPois rC+ Str+6 Int-3}
   (You found it on level 4 of the Lair of Beasts)

   [ring of strength]

   Str:       It affects your strength (+6).
   Int:       It affects your intelligence (-3).
   rC:        It protects you from cold.
   rElec:     It insulates you from electricity.
   rPois:     It protects you from poison.
Wands
 E - a wand of flame (62)
 F - a wand of paralysis (9)
 H - a wand of light (16)
 O - a wand of iceblast (10)
 R - a wand of polymorph (2)
 T - a wand of mindburst (17)
Scrolls
 c - 5 scrolls of butterflies {unknown}
 e - 2 scrolls of summoning {unknown}
 f - a scroll of torment
 g - 10 scrolls of teleportation
 i - 2 scrolls of enchant weapon {unknown}
 j - 2 scrolls of immolation
 q - 7 scrolls of noise {unknown}
 r - 5 scrolls of blinking {unknown}
 t - 4 scrolls of fear
 z - a scroll of poison
 I - a scroll of silence
 J - 5 scrolls of magic mapping
 M - 4 scrolls of brand weapon {unknown}
 N - 2 scrolls of vulnerability {unknown}
 Q - a scroll of amnesia
Potions
 b - a potion of magic
 h - 8 potions of curing
 k - a potion of ambrosia {unknown}
 l - 3 potions of haste
 m - 2 potions of cancellation
 o - 5 potions of attraction
 s - 2 potions of brilliance
 v - 3 potions of lignification {unknown}
 w - a potion of mutation {unknown}
 B - 3 potions of berserk rage
 C - 5 potions of heal wounds
 D - 5 potions of flight
 L - a potion of might
 P - 2 potions of degeneration {unknown}
 S - 3 potions of invisibility


   Skills:
 + Level 12.7 Dodging
 - Level 2.4 Stealth
 * Level 18.5 Spellcasting
 * Level 15.6 Conjurations
 - Level 5.7 Hexes
 - Level 1.1 Transmutations
 + Level 2.5 Fire Magic
 + Level 6.1 Ice Magic
 + Level 15.9 Earth Magic


You had 20 spell levels left.
You knew the following spells:

 Your Spells              Type           Power      Damage    Failure   Level
a - Sandblast             Erth           100%       2d20      0%          1
b - Blink                 Tloc           62%        N/A       1%          2
c - Stone Arrow           Conj/Erth      100%       3d13      0%          3
d - Petrify               Tmut/Erth      73%        N/A       1%          4
e - Iron Shot             Conj/Erth      47%        9d9       1%          6
f - Fulminant Prism       Conj/Hex       40%        3d20      1%          4
g - Freezing Cloud        Conj/Ice/Air   34%        6-21      1%          5
h - Starburst             Conj/Fire      37%        6d11      1%          6

Your spell library contained the following spells:

 Spells                   Type           Power      Damage    Failure   Level
 Apportation              Tloc           62%        N/A       1%          1
 Freeze                   Ice            100%       1d11      1%          1
 Passwall                 Tmut/Erth      60%        N/A       1%          2
 Static Discharge         Conj/Air       100%       3-10/arc  1%          2
 Confusing Touch          Hex            63%        N/A       1%          3
 Frozen Ramparts          Ice            100%       1d16      1%          3
 Ignite Poison            Fire/Tmut/Pois 39%        N/A       1%          3
 Mephitic Cloud           Conj/Pois/Air  61%        N/A       1%          3
 Animate Armour           Summ/Erth      100%       N/A       1%          4
 Hailstorm                Conj/Ice       81%        3d16      1%          4
 Lightning Bolt           Conj/Air       35%        1d53      1%          5
 Yara's Violent Unravell  Hex/Tmut       26%        3d11      2%          5
 Gell's Gravitas          Tloc           31%        N/A       3%          3
 Lesser Beckoning         Tloc           31%        N/A       3%          3
 Teleport Other           Tloc           31%        N/A       3%          3
 Olgreb's Toxic Radiance  Pois           31%        N/A       3%          4
 Ozocubu's Refrigeration  Ice            32%        4d14      19%         7
 Blade Hands              Tmut           19%        N/A       21%         5
 Alistair's Intoxication  Tmut/Pois      23%        N/A       24%         5
 Manifold Assault         Tloc           31%        N/A       30%         5
 Enfeeble                 Hex            31%        N/A       65%         7
 Ignition                 Fire           24%        3d8       99%         8
 Storm Form               Tmut/Air       17%        N/A       100%        7
 Maxwell's Capacitive Co  Air            15%        ∞         100%        8


Dungeon Overview and Level Annotations

Branches:
Dungeon (15/15)            Temple (1/1) D:6            Lair (5/5) D:8
 Shoals (0/4) Lair:3        Snake (0/4) Lair:3        Slime (0/5) Lair:4
    Orc (0/2) D:9          Vaults (0/5) D:13          IceCv (1/1)
 Depths: D:15

Altars:
Ashenzari
Cheibriados
Dithmenos
Elyvilon
Fedhas
Gozag
Hepliaklqana
Kikubaaqudgha
Makhleb
Nemelex Xobeh
Okawaru
Qazlal
Ru
Sif Muna
Trog
Uskayaw
Vehumet
Wu Jian
Xom
Yredelemnul
Zin
The Shining One
Jiyva
Lugonu

Shops:
D:1 !   D:12 *

Portals:
Abyss: Lair:5

Annotations:
D:14 1 runed translucent door, Viuc's ghost, journeyman MiBe
Lair:2 2 transporters, Nedwor's ghost, journeyman DsGl
Lair:5 3 runed translucent doors, mora's ghost, journeyman DsGl


Message History

You start resting.
A caustic shrike simulacrum comes into view.
Casting: Stone Arrow (safe; 0% risk of failure)
Confirm with . or Enter, or press ? or * to list all spells.
Aiming: Fulminant Prism (safe; 1% risk of failure)
Press: ? - help, Dir - move target You conjure a prism of explosive energy!
A fulminant prism comes into view.
Your fulminant prism crackles loudly.
Your fulminant prism explodes!
Casting: Fulminant Prism (safe; 1% risk of failure)
Confirm with . or Enter, or press ? or * to list all spells.
Aiming: Stone Arrow (safe; 0% risk of failure)
Press: ? - help, Shift-Dir - straight line, f - caustic shrike simulacrum
Aim: a caustic shrike simulacrum (69% to hit)
The stone arrow misses the caustic shrike simulacrum.
The caustic shrike simulacrum claws you!!
The caustic shrike simulacrum freezes you!
You resist.
Casting: Stone Arrow (safe; 0% risk of failure)
Confirm with . or Enter, or press ? or * to list all spells.
Aiming: Iron Shot (dangerous; 1% risk of failure)
Press: ? - help, Shift-Dir - straight line, f/p - caustic shrike simulacrum
Aim: a caustic shrike simulacrum (69% to hit)
The iron shot hits the caustic shrike simulacrum!!!
The caustic shrike simulacrum is severely damaged.
The caustic shrike simulacrum claws you!
* * * LOW HITPOINT WARNING * * *
The caustic shrike simulacrum freezes you!
You resist.
* * * LOW HITPOINT WARNING * * *
The caustic shrike simulacrum completely misses you.
You feel much better.
The caustic shrike simulacrum claws you!
* * * LOW HITPOINT WARNING * * *
The caustic shrike simulacrum freezes you!
You resist.
* * * LOW HITPOINT WARNING * * *
The caustic shrike simulacrum claws you!!
You die...

####
##..#
#.@.#
##.Z##
#.∩.#
#...#
#...#
...##
##...
#..#
#.##


You could see a caustic shrike simulacrum.

Vanquished Creatures
  Jorgrun (D:12)
  Kirke (D:12)
  A fire dragon (D:14)
  Josephine (D:14)
  Fannar (D:9)
  4 boulder beetles
  5 hydras
  3 vault guards (D:13)
  2 two-headed ogres
  5 tengu warriors (D:14)
  A centaur warrior (D:14)
  19 death yaks
  2 thrashing horrors (Lair:5)
  3 spriggan simulacra (IceCv)
  4 lindwurms (Lair:4)
  2 deep elf pyromancers
  A cyclops (D:8)
  An oklob plant (Lair:1)
  2 manticores
  11 ugly things
  3 black mambas
  12 elephants (Lair:5)
  A gargoyle (D:10)
  A black mamba (shapeshifter) (Lair:5)
  6 cane toads
  5 komodo dragons
  5 yaktaurs (D:15)
  2 kobold demonologists
  A yaktaur (shapeshifter) (D:13)
  3 freezing wraiths
  2 unseen horrors
  An ice devil (IceCv)
  A tengu conjurer (D:14)
  3 ancient zymes (Lair:5)
  A troll (shapeshifter) (D:13)
  7 trolls
  Grinder (D:3)
  A hornet (D:9)
  37 blink frogs
  A wind drake (Lair:2)
  4 slime creatures (D:13)
  A culicivora (shapeshifter) (Lair:5)
  A spriggan (Lair:5)
  8 wraiths
  2 ynoxinuls (Lair:5)
  Sigmund (D:6)
  55 yaks
  4 wyverns
  8 humans (D:13)
  4 hogs
  6 basilisks
  2 chaos spawn (Lair:5)
  2 minotaur simulacra (IceCv)
  2 vampire mosquitoes (D:12)
  A harpy simulacrum (IceCv)
  Menkaure (D:5)
  2 acid dragons
  Edmund (D:5)
  7 water moccasins
  4 swamp worms (D:10)
  Duvessa (D:5)
  10 small abominations (Lair:5)
  5 orc warriors
  A large abomination (Lair:5)
  2 ice beasts
  A sky beast (D:7)
  An alligator simulacrum (IceCv)
  A black bear (D:6)
  An ogre (D:5)
  31 wolves
  5 centaurs
  5 kobold brigands
  2 phantoms
  3 gnoll sergeants
  A deep troll simulacrum (IceCv)
  8 bullfrogs
  A scorpion (D:6)
  4 wights (D:7)
  Dowan (D:5)
  11 killer bees
  4 electric eels
  4 howler monkeys
  2 orc priests
  Crazy Yiuf (D:3)
  A jelly (D:6)
  2 iguanas
  Natasha (thrice) (D:3)
  3 orc wizards
  15 gnolls
  4 adders
  A shadow imp (D:5)
  4 worms
  7 dart slugs
  11 orcs
  7 bats
  7 endoplasms
  3 giant cockroaches
  7 goblins
  6 hobgoblins
  29 kobolds
  8 ball pythons
  A frilled lizard (D:1)
  5 rats
510 creatures vanquished.

Vanquished Creatures (others)
  A human (D:13)
  93 fulminant prisms
  43 fungi
  72 plants
209 creatures vanquished.

Grand Total: 719 creatures vanquished

Notes
Turn   | Place    | Note
-------+----------+-------------------------------------------
     0 | D:1      | jur the Deep Elf Earth Elementalist began the quest for the
                  | Orb.
     0 | D:1      | Reached XP level 1. HP: 10/10 MP: 6/6
   187 | D:1      | Reached XP level 2. HP: 14/15 MP: 0/8
   254 | D:1      | Found Saetilaj's Distillery.
   714 | D:1      | Reached XP level 3. HP: 18/19 MP: 7/10
   750 | D:1      | Learned a level 2 spell: Blink
   754 | D:1      | Learned a level 3 spell: Stone Arrow
  1628 | D:3      | Noticed Grinder
  1678 | D:3      | Reached skill level 1 in Conjurations
  1741 | D:3      | Found an ancient bone altar of Kikubaaqudgha.
  1743 | D:3      | Found a faded altar of an unknown god.
  1844 | D:3      | You fall into a shaft and drop 3 floors!
  1844 | D:6      | Found a shimmering altar of Xom.
  1858 | D:6      | Noticed Sigmund
  1887 | D:5      | Entered Level 5 of the Dungeon
  2250 | D:3      | Reached XP level 4. HP: 24/24 MP: 9/11
  2302 | D:3      | Noticed Natasha
  2305 | D:3      | Killed Natasha
  2306 | D:3      | Reached skill level 4 in Spellcasting
  2578 | D:3      | Noticed Natasha
  2587 | D:3      | Killed Natasha
  2588 | D:3      | Reached XP level 5. HP: 28/28 MP: 11/13
  3188 | D:4      | Reached skill level 5 in Earth Magic
  3237 | D:4      | Noticed a black bear
  3367 | D:4      | Found a snail-covered altar of Cheibriados.
  3498 | D:4      | Noticed a phantom
  3505 | D:4      | Killed a phantom
  3506 | D:4      | Reached XP level 6. HP: 32/32 MP: 10/15
  3541 | D:5      | Noticed a wyvern
  3735 | D:5      | Reached skill level 5 in Spellcasting
  3855 | D:5      | Killed a wyvern
  3919 | D:5      | Noticed Menkaure
  3944 | D:6      | Reached XP level 7. HP: 36/36 MP: 10/17
  4137 | D:6      | Found a staircase to the Ecumenical Temple.
  4147 | Temple   | Entered the Ecumenical Temple
  4154 | Temple   | Became a worshipper of Vehumet
  4196 | D:6      | Killed Sigmund
  4197 | D:6      | Reached skill level 6 in Spellcasting
  4452 | D:6      | Found a glowing golden altar of the Shining One.
  4462 | D:6      | Found a basalt altar of Yredelemnul.
  4464 | D:6      | Noticed a profane servitor
  4703 | D:6      | Noticed an angel
  4740 | D:5      | Noticed Duvessa
  4740 | D:5      | Noticed Dowan
  4743 | D:5      | Killed Dowan
  4888 | D:5      | Killed Duvessa
  4889 | D:5      | Reached skill level 5 in Dodging
  4889 | D:5      | Reached skill level 5 in Conjurations
  4889 | D:5      | Reached XP level 8. HP: 41/41 MP: 6/20
  4936 | D:5      | Reached skill level 7 in Spellcasting
  5232 | D:5      | Killed Menkaure
  5419 | D:5      | Noticed Edmund
  5527 | D:5      | Killed Edmund
  6155 | D:3      | Killed Grinder
  6156 | D:3      | Reached skill level 8 in Spellcasting
  6241 | D:3      | Noticed Natasha
  6245 | D:3      | Killed Natasha
  6357 | D:3      | Found a runed translucent door.
  6358 | D:3      | Noticed Crazy Yiuf
  6420 | D:3      | Killed Crazy Yiuf
  6745 | D:7      | Reached * piety under Vehumet
  6745 | D:7      | Offered knowledge of Freeze by Vehumet.
  6746 | D:7      | Reached XP level 9. HP: 45/45 MP: 19/23
  6830 | D:7      | Learned a level 4 spell: Petrify
  7297 | D:7      | Reached skill level 9 in Spellcasting
  7527 | D:8      | Noticed a troll
  7789 | D:8      | Found a sparkling altar of Nemelex Xobeh.
  7798 | D:8      | Found a bloodstained altar of Trog.
  7815 | D:8      | Noticed a cyclops
  8401 | D:8      | Killed a troll
  8402 | D:8      | Reached skill level 10 in Spellcasting
  8478 | D:8      | Found a staircase to the Lair.
  8790 | D:9      | Noticed a troll
  8799 | D:9      | Killed a troll
  8800 | D:9      | Reached XP level 10. HP: 50/50 MP: 13/26
  9188 | D:8      | Killed a cyclops
  9331 | D:9      | Reached skill level 11 in Spellcasting
  9331 | D:9      | Reached skill level 10 in Earth Magic
  9530 | D:9      | Reached ** piety under Vehumet
  9530 | D:9      | Offered knowledge of Shock by Vehumet.
  9538 | D:9      | Learned a level 6 spell: Iron Shot
  9595 | D:9      | Found a staircase to the Orcish Mines.
 11635 | D:9      | Reached skill level 12 in Spellcasting
 11635 | D:9      | Reached XP level 11. HP: 50/54 MP: 16/29
 11635 | D:9      | Paralysed by a hornet for 1 turns
 11636 | D:9      | Offered knowledge of Scorch by Vehumet.
 12071 | D:10     | Entered Level 10 of the Dungeon
 12138 | D:10     | Reached skill level 10 in Conjurations
 12206 | D:10     | Noticed Fannar
 12884 | Lair:1   | Entered Level 1 of the Lair of Beasts
 12931 | Lair:2   | Found a transporter.
 12944 | Lair:2   | Noticed a boulder beetle
 13506 | Lair:3   | Found a staircase to the Shoals.
 13804 | Lair:3   | Found a staircase to the Snake Pit.
 13961 | Lair:3   | Found a dark tunnel.
 14002 | Lair:3   | Reached *** piety under Vehumet
 14191 | Lair:3   | Reached skill level 13 in Spellcasting
 14345 | Lair:2   | Killed a boulder beetle
 14398 | Lair:2   | Found a transporter.
 14406 | Lair:2   | Noticed a death yak
 15287 | Lair:2   | Noticed a five-headed hydra
 15307 | Lair:2   | Noticed Nedwor's ghost (journeyman DsGl)
 15527 | Lair:2   | Found a white marble altar of Elyvilon.
 15854 | Lair:1   | Noticed an oklob plant
 16341 | Lair:1   | Offered knowledge of Fulminant Prism by Vehumet.
 16671 | Lair:3   | Noticed a death yak
 16674 | Lair:3   | Killed a death yak
 16674 | Lair:3   | Noticed a death yak
 16674 | Lair:3   | Noticed a death yak
 16675 | Lair:3   | Reached XP level 12. HP: 59/59 MP: 14/31
 16675 | Lair:3   | Noticed a death yak
 16677 | Lair:3   | Killed a death yak
 16678 | Lair:3   | Noticed a death yak
 17651 | Lair:3   | Noticed a death yak
 17691 | Lair:3   | Killed a death yak
 17692 | Lair:3   | Reached skill level 14 in Spellcasting
 17783 | Lair:2   | Killed a death yak
 18274 | Lair:3   | Killed a death yak
 18277 | Lair:3   | Killed a death yak
 18674 | Lair:3   | Learned a level 4 spell: Fulminant Prism
 18733 | Lair:4   | Noticed a death yak
 18750 | Lair:4   | Killed a death yak
 18938 | Lair:4   | Noticed a death yak
 18939 | Lair:4   | Noticed a death yak
 18939 | Lair:4   | Noticed a death yak
 18956 | Lair:4   | Noticed a death yak
 18957 | Lair:4   | Killed a death yak
 18958 | Lair:4   | Reached skill level 10 in Dodging
 19100 | Lair:4   | Found a viscous altar of Jiyva.
 19100 | Lair:4   | Found a staircase to the Slime Pits.
 19237 | Lair:4   | Learned a level 5 spell: Freezing Cloud
 20116 | Lair:4   | Reached **** piety under Vehumet
 20306 | Lair:4   | Reached skill level 15 in Spellcasting
 20577 | Lair:4   | Found the +3 robe of Clouds {*Thunder rCloud rElec}
 20610 | Lair:4   | Killed a death yak
 20615 | Lair:4   | Killed a death yak
 20618 | Lair:4   | Killed a death yak
 20623 | Lair:4   | Identified the ring of Seshuena {rElec rPois rC+ Str+6
                  | Int-3}
 20627 | Lair:4   | Identified the +9 rapier of Gueghem {pain, Int+3}
 20982 | Lair:5   | Entered Level 5 of the Lair of Beasts
 20984 | Lair:5   | Noticed a death yak
 20992 | Lair:5   | Noticed a death yak
 20993 | Lair:5   | Offered knowledge of Iskenderun's Mystic Blast by Vehumet.
 20994 | Lair:5   | Reached XP level 13. HP: 63/63 MP: 30/34
 21523 | Lair:5   | Reached skill level 1 in Ice Magic
 22035 | Lair:5   | Reached skill level 16 in Spellcasting
 22169 | Lair:5   | Reached ***** piety under Vehumet
 22607 | Lair:5   | Offered knowledge of Sticky Flame by Vehumet.
 22841 | Lair:5   | Reached skill level 1 in Hexes
 24553 | Lair:5   | Noticed mora's ghost (journeyman DsGl)
 24691 | Lair:5   | Noticed a minotaur
 24709 | Lair:5   | Found a runed translucent gate.
 24709 | Lair:5   | Found a runed translucent gate.
 24709 | Lair:5   | Found a runed translucent gate.
 25821 | Lair:5   | Reached XP level 14. HP: 68/68 MP: 13/36
 28443 | Lair:5   | Found a corrupted altar of Lugonu.
 28444 | Lair:5   | Found a one-way gate to the infinite horrors of the Abyss.
 28988 | D:9      | Killed Fannar
 29819 | D:10     | Reached skill level 17 in Spellcasting
 29855 | D:10     | Reached skill level 15 in Earth Magic
 34032 | D:12     | Found Esemmul's Assorted Antiques.
 34035 | D:12     | Bought a scroll of identify for 72 gold pieces
 34730 | D:12     | Noticed Kirke
 35281 | D:12     | Noticed Jorgrun
 35284 | D:12     | Killed Jorgrun
 35285 | D:12     | Reached skill level 5 in Hexes
 36171 | D:12     | Offered knowledge of Starburst by Vehumet.
 36176 | D:12     | Killed Kirke
 36780 | D:13     | Reached skill level 5 in Ice Magic
 38077 | D:14     | Noticed Viuc's ghost (journeyman MiBe)
 38079 | D:14     | Found a runed translucent door.
 38286 | D:13     | Reached skill level 15 in Conjurations
 38576 | D:13     | Found a gate to the Vaults.
 38961 | D:13     | Learned a level 6 spell: Starburst
 39790 | D:14     | Noticed Josephine
 39951 | D:14     | Reached skill level 18 in Spellcasting
 39951 | D:14     | Reached XP level 15. HP: 72/72 MP: 25/39
 40523 | D:14     | Killed Josephine
 40524 | D:14     | Reached skill level 1 in Fire Magic
 41700 | D:14     | Found a shimmering altar of Xom.
 41766 | D:14     | Found a shimmering altar of Xom.
 41766 | D:14     | Found a shimmering altar of Xom.
 41767 | D:14     | Found a shimmering altar of Xom.
 41768 | D:14     | Found a shimmering altar of Xom.
 42493 | D:15     | Entered Level 15 of the Dungeon
 42638 | D:15     | Found a frozen archway.
 42785 | IceCv    | Entered an ice cave
 42908 | IceCv    | Demolished by a caustic shrike simulacrum

Illustrated notes

Levels and vault maps discovered:
D:1:      dpeg_arrival_more_subterranean_lakeside_camping, layout_rooms,
          serial_shops, shop, palyth_stone_intersect, minmay_domino_4
D:2:      layout_rooms
D:3:      layout_loops_ring, nicolae_overflow_ecumenical_swirl,
          minmay_misc_feat_room, minmay_misc_feat_plants, uniq_grinder,
          uniq_crazy_yiuf_cottage, uniq_natasha
D:4:      layout_layer_cave, kennysheep_mini_moat
D:5:      layout_cave_pools, dk_noncrumbling_4, uniq_menkaure, uniq_duvessa,
          uniq_edmund
D:6:      layout_basic, lemuel_tele_altar, grunt_temple_overflow_holy_war,
          minmay_temple_entry_ruins, uniq_sigmund
D:7:      layout_loops_cross
D:8:      layout_loops_ring, mainiacjoe_overflow_cross_hatched,
          nicolae_overflow_crystal_walls, erik_lair_island
D:9:      layout_cave_pods, david_orc_3, enter_bailey_3,
          hangedman_decor_clover_reticule, hangedman_decor_push
D:10:     layout_rooms, worms_lemuel, uniq_fannar
D:11:     layout_irregular_city, st_stairs_1
D:12:     layout_irregular_city, serial_shops, nicolae_stop_n_shop_1,
          minmay_misc_feat_chi, uniq_kirke, uniq_jorgrun
D:13:     layout_basic, ximxim_vaults_locker_room
D:14:     layout_loops_cross, xom_redecorated, hellmonk_ghost_happy_afterlife,
          minivault_10, uniq_josephine
D:15:     gammafunk_enter_depths_forms, layout_stronghold,
          nemelex_lonely_heart_becter, portal_ice_cave_entry_frozen_things
Temple:   nicolae_temple_no_exploring_needed
Lair:1:   layout_concentric_octagons, grunt_forest_small_clearings,
          nicolae_quartered_pool_little, minmay_lair_oklob_items,
          infiniplex_staircase_pool_2
Lair:2:   layout_concentric_octagons, nzn_ghost_randoct, basic_altar,
          serial_bayou_shore_b, lemuel_fruit_tree
Lair:3:   layout_roguey, minmay_shoals_entry_beasts, dummy_snake_entry,
          enter_volcano_2, serial_bayou_shore_b
Lair:4:   layout_loops_ring, slime_entry_1, minmay_lindwurm_lava
Lair:5:   hellmonk_lair_end_abyssal_woods, layout_concentric_octagons,
          maelrawn_ghost_gauntlet_escape
IceCv:    ice_cave_caverns_02

Skill      XL: |  1  2  3  4  5  6  7  8  9 10 11 12 13 14 15 |
---------------+----------------------------------------------+-----
Earth Magic    | 4 5 6 7 9 10 12 13 14 15 | 15.9
Dodging        | 3 4 5 6 7 8 9 10 11 12 | 12.7
Conjurations   | 1 2 3 4 5 6 8 9 11 12 14 15 | 15.6
Spellcasting   | 4 5 6 8 10 12 13 15 16 18 | 18.5
Ice Magic      | 3 5 6 |  6.1
Hexes          | 3 5 |  5.7
Fire Magic     | 2 |  2.5
Stealth        | |  2.4
Transmutations | |  1.1

Action                   |  1- 3 |  4- 6 |  7- 9 | 10-12 | 13-15 || total
-------------------------+-------+-------+-------+-------+-------++-------
Melee: Unarmed           |     5 |       |       |       |       ||     5
 Fire: Sling             |     4 |    17 |    90 |   126 |     9 ||   246
Throw: Throwing net      |       |       |       |     1 |       ||     1
 Cast: Sandblast         |    67 |    23 |    31 |    54 |    27 ||   202
       Blink             |     1 |       |     2 |     9 |       ||    12
       Stone Arrow       |       |     8 |    70 |   163 |    30 ||   271
       Petrify           |       |       |     5 |     7 |     3 ||    15
       Iron Shot         |       |       |       |    41 |   134 ||   175
       Freezing Cloud    |       |       |       |    15 |   138 ||   153
       Fulminant Prism   |       |       |       |     3 |    90 ||    93
       Starburst         |       |       |       |       |     5 ||     5
Evoke: Wand              |       |       |       |     2 |       ||     2
  Use: Potion            |     1 |       |     1 |     2 |     2 ||     6
       Scroll            |       |     5 |     4 |     4 |     7 ||    20
Armor: Robe              |     5 |       |     5 |    10 |     6 ||    26
Dodge: Dodged            |    18 |     9 |    27 |    76 |    52 ||   182
       Repelled          |       |       |       |       |     4 ||     4
Block: Other             |       |       |       |    11 |    16 ||    27
       Reflection        |       |       |       |       |     4 ||     4

Table legend: (Time is in decaauts)
 A = Elapsed time spent in this place.
 B = Non-inter-level travel time spent in this place.
 C = Inter-level travel time spent in this place.
 D = Time resting spent in this place.
 E = Time spent auto-exploring this place.
 F = Levels seen in this place.
 G = Mean time per level.
                   A        B        C        D        E       F      G
               +--------+--------+--------+--------+--------+-----+--------+
         Total |  43171 |  40953 |   2218 |  24433 |   7909 |  22 | 1962.3 |
       Dungeon |  26926 |  25382 |   1544 |  14160 |   5787 |  15 | 1795.1 |
        Temple |     14 |      2 |     12 |      0 |      0 |   1 |   14.0 |
          Lair |  16107 |  15446 |    661 |  10180 |   2121 |   5 | 3221.4 |
      Ice Cave |    122 |    122 |      0 |     93 |      0 |   1 |  122.0 |
               +--------+--------+--------+--------+--------+-----+--------+

Top non-repeatable levels by time:
  Lair:5: 7253 daAuts
    D:12: 3835 daAuts
    D:14: 3656 daAuts
     D:9: 3284 daAuts
  Lair:3: 2632 daAuts
  Lair:4: 2480 daAuts
  Lair:2: 2290 daAuts
    D:13: 2253 daAuts
    D:11: 2000 daAuts
    D:10: 1843 daAuts
     D:3: 1687 daAuts
     D:8: 1492 daAuts
  Lair:1: 1450 daAuts
     D:7: 1374 daAuts
     D:6: 1344 daAuts
